Cogmind - Beta 15 *** ADVENTURER MODE // 2025.07.23 @ 20:47:02 Player: Moridin Result: Self-destructed Performance ------------- Evolutions (4) 2000 Regions Visited (6) 1200 Robots Destroyed (66) 330 Value Destroyed (1830) 1830 Prototype IDs (3) 60 Alien Tech Used (0) 0 Bonus (0) 0 TOTAL SCORE: 5420 Bonus ------- None Cogmind --------- Core Integrity 356/850 Matter 278/300 Energy 12/100 System Corruption 15% Temperature Cool (0) Movement Rolling (95) Ox1 Location -6/Factory Parts ------- > --- POWER (3) -------- (None) > --- PROPULSION (5) --- Wheel Wheel Gravmag Array > --- UTILITY (5) ------ Advanced Heat Sink Large Storage Unit Gravity Neutralizer Advanced Terrain Scan Processor > --- WEAPON (2) ------- Shock Rifle Plasma Rifle > --- INVENTORY (15) --- Improved Heat Sink Medium Storage Unit Large Storage Unit Improved Signal Interpreter Transport Network Coupler Advanced ECM Suite EM Disruption Field Proton Missile Launcher Mini Grenade Launcher Peak State ------------ > --- POWER ------------ Light Fission Core Fusion Compressor Cold Fusion Reactor > --- PROPULSION ------- Aluminum Leg Aluminum Leg Aluminum Leg Carbon-fiber Leg Carbon-fiber Leg > --- UTILITY ---------- Large Storage Unit Gravity Neutralizer Improved Trap Scanner Terrain Scanner Advanced Terrain Scan Processor > --- WEAPON ----------- Gatling Laser Gatling Laser > --- INVENTORY -------- Gravmag Array Improved Heat Sink Medium Storage Unit Large Storage Unit Improved Signal Interpreter Transport Network Coupler Advanced ECM Suite EM Disruption Field Assault Rifle Flak Gun Proton Missile Launcher Proton Missile Launcher Mini Grenade Launcher [Rating: 54] Favorites ----------- Power Ion Engine Engine Ion Engine Power Core Fusion Compressor Reactor Cold Fusion Reactor Propulsion Aluminum Leg Leg Aluminum Leg Wheel Wheel Hover Unit Gravmag Array Utility Terrain Scanner Device Terrain Scanner Storage Medium Storage Unit Processor Advanced Terrain Scan Processor Weapon Gatling Laser Energy Gun Gatling Laser Ballistic Gun Assault Rifle Launcher Mini Grenade Launcher Build | -11 -10 -9 -9 -8 -7 -6 ------- Run | Yrd Mat Mat Min Mat Fac Fac Slots Evolved 8 | . . 2 . 2 2 2 Power 2 | . . . . . 1 1 Propulsion 3 | . . 2 . 1 . . Utility 3 | . . . . 1 1 1 Weapon . | . . . . . . . Parts Attached 51 | 8 2 7 6 4 8 16 Power 10 | 1 . 1 . 1 2 5 Engine 6 | 1 . 1 . 1 2 1 Core 3 | . . . . . . 3 Reactor 1 | . . . . . . 1 Propulsion 17 | 2 . 3 5 1 2 4 Treads . | . . . . . . . Leg 14 | 2 . 3 5 1 2 1 Wheel 2 | . . . . . . 2 Hover 1 | . . . . . . 1 Flight . | . . . . . . . Utility 10 | 2 1 1 . 1 2 3 Device 6 | 1 . 1 . 1 . 3 Storage 3 | 1 1 . . . 1 . Processor 1 | . . . . . 1 . Hackware . | . . . . . . . Protection . | . . . . . . . Artifact . | . . . . . . . Weapon 14 | 3 1 2 1 1 2 4 Energy Gun 5 | 1 . . . . 2 2 Energy Cannon . | . . . . . . . Ballistic Gun 6 | 2 1 1 1 . . 1 Ballistic Cannon . | . . . . . . . Launcher 3 | . . 1 . 1 . 1 Special Weapon . | . . . . . . . Impact Weapon . | . . . . . . . Slashing Weapon . | . . . . . . . Piercing Weapon . | . . . . . . . Special Melee Weapon . | . . . . . . . Unidentified Prototypes 3 | . . . . . 1 2 Corrupted Parts 2 | . . . . . . 2 System Corruption 12 | . . . . . . 12 Parts Lost 22 | . . 3 1 2 . 16 Power 6 | . . . . 1 . 5 Propulsion 9 | . . 2 1 . . 6 Utility 3 | . . 1 . . . 2 Weapon 4 | . . . . 1 . 3 Highest Loss Streak 9 | . . 1 2 2 . 9 To Critical Strikes . | . . . . . . . Average Backups 9 | 3 4 7 9 9 10 12 Power . | . 1 1 1 1 . . Propulsion 1 | . . 1 2 1 1 1 Utility 4 | . 1 3 2 2 4 6 Weapon 3 | . 1 2 3 3 4 4 Tool/Special . | . . . . . . . Unused Backups 11 | . 1 . 1 1 . 8 Power 1 | . 1 . . . . . Propulsion 2 | . . . . 1 . 1 Utility 7 | . . . 1 . . 6 Weapon 1 | . . . . . . 1 Tool/Special . | . . . . . . . Average Slot Usage (%) 90 | . 100 93 91 94 95 84 Engine 9 | . 14 11 11 8 15 4 Core 2 | . . . . . . 6 Reactor 1 | . . . . . . 3 Leg 33 | . 28 43 35 45 38 23 Device 13 | . 14 5 11 13 15 17 Storage 8 | . 14 11 11 9 7 6 Processor 2 | . . . . . 3 6 Energy Gun 5 | . . . . . 14 11 Ballistic Gun 9 | . 28 18 17 11 . . Launcher 1 | . . 3 4 5 . . Peak Build Rating 54 | 9 9 13 13 17 31 54 Average Rating 24 | 3 9 10 12 14 25 44 On Entrance 12 | . 9 9 12 12 17 31 Naked Turns . | . . . . . . . Heaviest Build 56 | 14 20 22 23 23 42 56 Greatest Support 72 | 20 20 43 43 50 60 72 Greatest Overweight (x) 8 | . . . . . . 8 Average Overweight (x) . | . . . . . . . Largest Inventory Capacity 15 | 8 10 10 10 10 15 15 Average Capacity 11 | 5 8 10 10 10 13 15 Most Carried 15 | 5 9 9 10 10 13 15 Average Carried 9 | 3 4 7 9 9 10 13 Final Capacity 15 | 8 10 10 10 10 15 15 Final Carried 13 | 1 9 8 10 10 13 9 Class Distribution -------------------- 45% | Scavenger-Mutant 32% | Mutant 22% | Scavenger-Skirmisher Dominant Class ---------------- Mutant | -10/Materials Mutant | -9/Materials Scavenger-Mutant | -9/Mines Scavenger-Mutant | -8/Materials Scavenger-Mutant | -7/Factory Scavenger-Skirmisher | -6/Factory Resources | -11 -10 -9 -9 -8 -7 -6 ----------- Run | Yrd Mat Mat Min Mat Fac Fac Matter Collected 1519 | 278 123 389 193 13 107 416 Remotely . | . . . . . . . Salvage Created 2161 | 132 123 568 447 22 200 669 Parts 134 | 9 8 37 36 3 12 29 Haulers Intercepted 3 | . 1 1 . . 1 . Recyclers Shooed . | . . . . . . . Parts Field Recycled . | . . . . . . . Retrieved Matter . | . . . . . . . Parts Self-Destructed . | . . . . . . . Prevented . | . . . . . . . Kills | -11 -10 -9 -9 -8 -7 -6 ------- Run | Yrd Mat Mat Min Mat Fac Fac Combat Hostiles Destroyed 46 | . 2 14 15 2 2 11 Guns 29 | . 2 7 8 2 2 8 AOE 16 | . . 7 7 . . 2 Classes Destroyed 13 | 2 2 6 . . 2 1 Worker 2 | . . . . . . 2 Builder 2 | . . 2 . . . . Tunneler 5 | 2 . 1 2 . . . Hauler 3 | . 1 1 . . 1 . Recycler 3 | 1 . . . . 1 1 Operator 3 | . . 2 . . 1 . Watcher 2 | . . 2 . . . . Swarmer 12 | . . 3 4 2 . 3 Grunt 25 | . 2 7 10 . . 6 Duelist 2 | . . 1 1 . . . Sentry 4 | . . 3 . . . 1 Hunter 1 | . . . . . 1 . Programmer 2 | . . . . . 1 1 Best Kill Streak 11 | 3 2 11 4 2 3 4 Combat Bots Only 8 | . 2 8 4 2 1 4 Max Kills in Single Turn 3 | 1 1 3 2 1 1 2 Gunslinging 1 | . . . 1 . . 1 Exploded 3 | . . 3 1 . . 1 Melee . | . . . . . . . Uniques/NPCs Destroyed . | . . . . . . . Combat | -11 -10 -9 -9 -8 -7 -6 -------- Run | Yrd Mat Mat Min Mat Fac Fac Hostile Shots Fired 433 | . 8 119 22 24 35 225 Missed 157 | . 2 46 8 9 10 82 Hits 276 | . 6 73 14 15 25 143 Melee 2 | . . 2 . . . . Projectile 274 | . 6 71 14 15 25 143 AOE 2 | . . . . . . 2 Critical Strikes 5 | . . . . . 1 4 Damage Taken 3239 | . 50 768 210 89 306 1816 Core 798 | . 8 215 12 18 51 494 Absorbed by Shields . | . . . . . . . Ignored by Resistances 943 | . 16 232 63 30 88 514 Core Remaining (%) 85 | 100 96 . 43 96 92 . Volleys Fired 120 | 6 5 37 19 7 12 34 Largest 2 | 2 2 2 2 2 2 2 Hottest 160 | 60 40 53 53 50 160 160 Shots Fired 215 | 12 10 73 38 9 24 49 Gun 195 | 12 10 64 31 8 24 46 Cannon . | . . . . . . . Launcher 20 | . . 9 7 1 . 3 Special . | . . . . . . . Kinetic 138 | 6 10 64 31 8 . 19 Thermal 55 | 6 . . . . 24 25 Explosive 17 | . . 9 7 1 . . Electromagnetic 5 | . . . . . . 5 Robot Hit Streak 27 | 4 6 27 5 10 8 20 Robot Miss Streak 4 | 2 1 3 2 1 4 4 Penetration Max . | . . . . . . . Secondary Targets 8 | . 1 1 1 . . 5 Max Gunslinging Chain 1 | . 1 1 1 . . 1 Shots Hit Robots 170 | 8 6 54 27 7 22 46 Core Hits 126 | 4 4 34 24 2 14 44 Critical Kills 1 | . . 1 . . . . Critical Parts Destroyed 2 | . . . 1 1 . . Critical Strikes 4 | . . 1 1 1 . 1 Burn 1 | . . . . . . 1 Destroy 3 | . . 1 1 1 . . Melee Attacks . | . . . . . . . Impact . | . . . . . . . Slashing . | . . . . . . . Piercing . | . . . . . . . Sneak Attacks . | . . . . . . . Combat Hostiles . | . . . . . . . Follow-up Attacks . | . . . . . . . Damage Inflicted 4392 | 96 78 1360 809 116 567 1366 Guns 2813 | 87 78 650 306 94 542 1056 Cannons . | . . . . . . . Explosions 1522 | . . 710 501 22 . 289 Melee . | . . . . . . . Ramming 57 | 9 . . 2 . 25 21 Kinetic 1462 | 31 78 650 306 94 . 303 Thermal 1380 | 56 . . . . 542 782 Explosive 1233 | . . 710 501 22 . . Electromagnetic 260 | . . . . . . 260 Impact . | . . . . . . . Slashing . | . . . . . . . Piercing . | . . . . . . . Highest Corruption 15 | . . . . . . 15 Average Corruption 7 | . . . . . . 7 Corruption Purged . | . . . . . . . Corruption Blocked . | . . . . . . . Effects 6 | . . . . . . 6 Message Errors 2 | . . . . . . 2 Matter Fused 1 | . . . . . . 1 Energy Discharges 1 | . . . . . . 1 Data Loss (minor) 1 | . . . . . . 1 Misfires 1 | . . . . . . 1 Overload Shots . | . . . . . . . Overflow Damage 17 | . . 16 1 . . . Projectiles . | . . . . . . . Explosions 17 | . . 16 1 . . . Melee . | . . . . . . . Knockbacks . | . . . . . . . Impact . | . . . . . . . Kinetic . | . . . . . . . Secondary . | . . . . . . . Self-Inflicted Damage 256 | . . 103 100 . . 53 Shots 9 | . . 3 3 . . 3 Rammed 4 | . . . . . . 4 Targets Rammed 10 | 2 . . 2 . 2 4 Kicked 6 | 2 . . 2 . 2 . Crushed . | . . . . . . . Highest Temperature 468 | 20 . 8 4 . 411 468 Average Temperature 124 | 15 . 3 2 . 146 139 Received Heat Transfer 1014 | . 36 318 66 . 99 495 Effects 5 | . . . . . 4 1 Shutdowns 3 | . . . . . 2 1 Energy Bleed 1 | . . . . . 1 . Damage (minor) 1 | . . . . . 1 . Siege Activations . | . . . . . . . Martial Activations . | . . . . . . . Shielding Activations . | . . . . . . . Robots Disrupted . | . . . . . . . Combat Hostiles . | . . . . . . . Robots Corrupted . | . . . . . . . Combat Hostiles . | . . . . . . . Parts Fried . | . . . . . . . Impact Corruptions . | . . . . . . . Robots Melted 1 | . . . . . . 1 Combat Hostiles 1 | . . . . . . 1 Parts Melted 8 | . . . . . 4 4 Heat Transferred 2975 | 125 . . . . 1150 1700 Parts Sabotaged . | . . . . . . . Parts Stolen . | . . . . . . . Parts Stripped . | . . . . . . . Power Chain Reactions 1 | . . . . . . 1 Alert | -11 -10 -9 -9 -8 -7 -6 ------- Run | Yrd Mat Mat Min Mat Fac Fac Maximum Alert Level 1 | . . 1 1 . . . Low Security (%) 84 | 100 100 74 23 100 100 100 Level 1 15 | . . 25 76 . . . Level 2 . | . . . . . . . Level 3 . | . . . . . . . Level 4 . | . . . . . . . Level 5 . | . . . . . . . High Security . | . . . . . . . Max Security . | . . . . . . . Peak Influence 321 | 10 50 321 303 93 45 154 Initial 99 | . 2 . 99 93 11 10 Average 74 | 1 10 104 233 65 9 41 Influence Increases 1516 | 15 57 488 384 58 96 418 Destroy 0b10 Robot/C 920 | . 40 280 300 40 40 220 Destroy 0b10 Robot/NC 100 | 15 5 40 10 . 15 15 Destroy Leader 210 | . 12 86 30 10 22 50 Successful Hack 9 | . . 4 . . 4 1 Disable Machine 63 | . . 27 . . . 36 Destroy Structure 109 | . . 51 44 8 . 6 Lose Combat Pursuer 105 | . . . . . 15 90 Influence Decreases 1516 | 10 62 187 402 310 102 443 Entered New Map 430 | . 3 . 202 190 20 15 Time Decay 949 | 10 59 157 190 100 82 351 Lost Part 137 | . . 30 10 20 . 77 Squads Dispatched 13 | . 1 5 . . 3 4 Investigation 1 | . 1 . . . . . Extermination 2 | . . . . . 1 1 Reinforcement 10 | . . 5 . . 2 3 Assault . | . . . . . . . Garrison . | . . . . . . . Intercept . | . . . . . . . Searches Triggered . | . . . . . . . Construction Impeded 1 | . . 1 . . . . Haulers Reinforced 2 | . . . . . 1 1 Active Scanning Responses . | . . . . . . . Cargo Convoy Interrupts . | . . . . . . . Stealth | -11 -10 -9 -9 -8 -7 -6 --------- Run | Yrd Mat Mat Min Mat Fac Fac Distress Signals 6 | . . 4 1 . . 1 Communications Jammed . | . . . . . . . Distress Signals . | . . . . . . . Times Spotted 82 | . 2 26 14 4 12 24 Peak Tracking Total 9 | . 2 9 4 3 7 5 Tactical Retreats 4 | . . . . . 1 3 Traps | -11 -10 -9 -9 -8 -7 -6 ------- Run | Yrd Mat Mat Min Mat Fac Fac Traps Triggered 2 | . . . . . . 2 Indirectly . | . . . . . . . Trap Hack Attempts . | . . . . . . . Triggered . | . . . . . . . Disarmed 4 | . 4 . . . . . Reprogrammed . | . . . . . . . Reused . | . . . . . . . Traps Extracted . | . . . . . . . Installed . | . . . . . . . Triggered . | . . . . . . . Machines | -11 -10 -9 -9 -8 -7 -6 ---------- Run | Yrd Mat Mat Min Mat Fac Fac Machines Disabled 8 | . . 4 . . . 4 Max in Single Turn 2 | . . 2 . . . 2 Machines Repaired . | . . . . . . . Machines Dismantled . | . . . . . . . Machines Sabotaged . | . . . . . . . Overloaded Fab Kills . | . . . . . . . Hacking | -11 -10 -9 -9 -8 -7 -6 --------- Run | Yrd Mat Mat Min Mat Fac Fac Machines Accessed 14 | . 3 4 . 2 3 2 Terminals 9 | . 2 3 . 1 2 1 Fabricators 1 | . . . . . 1 . Repair Stations . | . . . . . . . Recycling Units 2 | . 1 . . 1 . . Scanalyzers 2 | . . 1 . . . 1 Garrison Access . | . . . . . . . Total Hacks 30 | . 7 8 . 6 3 6 Successful 19 | . 3 5 . 3 3 5 Failed 11 | . 4 3 . 3 . 1 Catastrophic 1 | . . 1 . . . . Database Lockouts . | . . . . . . . Manual . | . . . . . . . Terminals 16 | . 4 6 . 2 2 2 Fabricators 1 | . . . . . 1 . Repair Stations . | . . . . . . . Recycling Units 7 | . 3 . . 4 . . Scanalyzers 6 | . . 2 . . . 4 Garrison Access . | . . . . . . . Terminal Hacks 7 | . 1 3 . . 2 1 Open DSF 1 | . . . . . 1 . Emergency Access Points 1 | . . 1 . . . . Disarm Traps 1 | . 1 . . . . . Recall Reinforcements 1 | . . 1 . . . . Zone Layout 3 | . . 1 . . 1 1 Fabricator Hacks 1 | . . . . . 1 . Network Status 1 | . . . . . 1 . Repair Station Hacks . | . . . . . . . Recycling Unit Hacks 5 | . 2 . . 3 . . Report Inventory 1 | . . . . 1 . . Retrieve Matter 2 | . 1 . . 1 . . Retrieve Components 2 | . 1 . . 1 . . Scanalyzer 6 | . . 2 . . . 4 Insert Component 3 | . . 1 . . . 2 Analyze 3 | . . 1 . . . 2 Garrison Access Hacks . | . . . . . . . Unauthorized Hacks . | . . . . . . . Terminals . | . . . . . . . Fabricators . | . . . . . . . Repair Stations . | . . . . . . . Recycling Units . | . . . . . . . Scanalyzers . | . . . . . . . Garrison Access . | . . . . . . . Data Cores Recovered 1 | . . . . . 1 . Used . | . . . . . . . Hacking Detections 9 | . 3 2 . 1 1 2 Full Trace Events 1 | . 1 . . . . . Feedback Events . | . . . . . . . Feedback Blocked . | . . . . . . . Robot Schematics Acquired . | . . . . . . . Robots Built . | . . . . . . . Authchips . | . . . . . . . Time . | . . . . . . . Total Robot Build Rating . | . . . . . . . Part Schematics Acquired 3 | . . 1 . . . 2 Parts Built . | . . . . . . . Authchips . | . . . . . . . Time . | . . . . . . . Total Part Build Rating . | . . . . . . . Parts Repaired . | . . . . . . . Time . | . . . . . . . Parts Recycled . | . . . . . . . Recycled Matter . | . . . . . . . Retrieved Matter . | . . . . . . . Retrieved Components 3 | . 2 . . 1 . . Parts Scanalyzed 3 | . . 1 . . . 2 Part Schematics Acquired 3 | . . 1 . . . 2 Parts Damaged 1 | . . . . . . 1 Bothacking | -11 -10 -9 -9 -8 -7 -6 ------------ Run | Yrd Mat Mat Min Mat Fac Fac Used RIF Installer . | . . . . . . . Robots Hacked . | . . . . . . . Non-combat . | . . . . . . . Combat . | . . . . . . . Robot Hacks Applied . | . . . . . . . Relay Couplers Released . | . . . . . . . Fabnet Peak Effective % . | . . . . . . . Robots Rewired . | . . . . . . . Allies Hacked . | . . . . . . . Hacks Repelled . | . . . . . . . Allies | -11 -10 -9 -9 -8 -7 -6 -------- Run | Yrd Mat Mat Min Mat Fac Fac Total Allies . | . . . . . . . Largest Group . | . . . . . . . Highest-Rated Group . | . . . . . . . Highest-Rated Ally . | . . . . . . . Total Orders . | . . . . . . . Ally Attacks . | . . . . . . . Total Damage . | . . . . . . . Kills . | . . . . . . . Allies Corrupted . | . . . . . . . Allies Melted . | . . . . . . . Intel | -11 -10 -9 -9 -8 -7 -6 ------- Run | Yrd Mat Mat Min Mat Fac Fac Active Infowar (turns) 2140 | 1 227 193 394 218 353 754 Terrain 1986 | 1 227 193 394 218 353 600 Traps 712 | . . . . . . 712 ECM 12 | . . . . 12 . . Robot Analysis Total . | . . . . . . . Derelict Logs Recovered 2 | . . . 2 . . . Drone Launches . | . . . . . . . Drone Recoveries . | . . . . . . . Exploration | -11 -10 -9 -9 -8 -7 -6 ------------- Run | Yrd Mat Mat Min Mat Fac Fac Turns Passed 2531 | 99 227 399 394 218 353 841 Spaces Moved 1635 | 61 162 226 267 156 244 519 Core 18 | 13 . . . . . 5 Treads . | . . . . . . . Legs 1534 | 48 162 226 267 156 244 431 Wheels 33 | . . . . . . 33 Hover 50 | . . . . . . 50 Flight . | . . . . . . . Fastest Speed 50 | 50 120 120 120 120 120 70 Average Speed 120 | 105 120 120 120 120 120 123 Slowest Speed 450 | 120 120 120 120 120 120 450 Overloaded Moves . | . . . . . . . Propulsion Burnouts . | . . . . . . . Robots Hopped . | . . . . . . . Potential Cave-ins . | . . . . . . . Cave-ins Triggered . | . . . . . . . Exploration Rate (%) 25 | 3 27 33 79 17 7 15 Regions Visited 6 Branch Regions 1 Pre-discovered Areas . | . . . . . . . Known Exits Taken 1 | . . . . 1 . . Unknown Exits Taken 5 | 1 1 1 1 . 1 . Scrap Searched 2 | . . . 2 . . . Spaces Dug . | . . . . . . . Terrain Destroyed 124 | . . 47 65 7 . 5 Melee . | . . . . . . . Projectile . | . . . . . . . AOE 124 | . . 47 65 7 . 5 Terrain Rammed . | . . . . . . . Walls Destroyed . | . . . . . . . Machines Disabled . | . . . . . . . Actions | -11 -10 -9 -9 -8 -7 -6 --------- Run | Yrd Mat Mat Min Mat Fac Fac Total 1966 | 82 185 280 302 179 275 663 Wait 81 | . . 7 . 4 . 70 Move 1629 | 60 161 225 266 155 243 519 Hop . | . . . . . . . Pick Up 38 | 5 11 2 4 6 5 5 Fast Attach 25 | 4 . 1 3 1 1 15 Attach 20 | 3 . 3 . 3 5 6 Detach 1 | . . . . . 1 . Swap 15 | 1 4 3 3 . 3 1 Drop 27 | 1 4 2 5 3 3 9 Fire 120 | 6 5 37 19 7 12 34 Melee . | . . . . . . . Ram 4 | . . . . . . 4 Kick 6 | 2 . . 2 . 2 . Crush . | . . . . . . . Escape Stasis . | . . . . . . . Rewire . | . . . . . . . Trap . | . . . . . . . Miscellaneous . | . . . . . . . Route ------- -11/Scrapyard -10/Materials -9/Materials -9/Mines -8/Materials (discovered 2 exits: *Fac x2) -7/Factory -6/Factory History --------- Turn | Location | Event 8 | -11/Scrapyard | Discovered new exit (range 16) 100 | -11/Scrapyard | Entered Materials 300 | -10/Materials | Build established: Mutant 318 | -10/Materials | Discovered new exit (range 9) 327 | -10/Materials | Entered another Materials area 327 | -9/Materials | Evolved 2 slots: Propulsion x2 544 | -9/Materials | Discovered new exit (range 17) 622 | -9/Materials | Core integrity fell below 50% 666 | -9/Materials | Destroyed 8 combat bots 726 | -9/Materials | Entered Mines 732 | -9/Mines | Excavation squad dispatched 732 | -9/Mines | A large section of the Mines collapsed 840 | -9/Mines | Learned 8 Materials zone layouts 936 | -9/Mines | Build established: Scavenger-Mutant 982 | -9/Mines | Excavation squad dispatched 1110 | -9/Mines | Discovered new exit (range 9) 1120 | -9/Mines | Entered Materials 1120 | -8/Materials | Evolved 2 slots: Propulsion x1, Utility x1 1121 | -8/Materials | Identified exit to Factory 1328 | -8/Materials | Discovered exit to Factory (range 5) 1338 | -8/Materials | Entered Factory 1338 | -7/Factory | Evolved 2 slots: Power x1, Utility x1 1421 | -7/Factory | Discovered new exit (range 6) 1691 | -7/Factory | Entered another Factory area 1691 | -6/Factory | Evolved 2 slots: Power x1, Utility x1 2026 | -6/Factory | Build established: Scavenger-Skirmisher 2368 | -6/Factory | Lost 5 parts (2p2n1u) 2432 | -6/Factory | System corruption reached 10% 2438 | -6/Factory | Core integrity fell below 50% 2488 | -6/Factory | Lost 9 parts (3p2n1u3w) 2532 | -6/Factory | Self-destructed Last Messages --------------- 02497_ Destabilizing: Short circuit. 02508_ System corrupted: Energy discharge (-34). 02518_ Dropped Flak Gun. 02518_ Acquired Plasma Rifle. 02523_ System corrupted: Matter fused (-7). 02524_ K-01 Serf cleans the Subcomponent Replicator. 02525_ W-25 Informer distress signal alerts nearby ally. 02526_ A-15 Conveyor suffers critical hit (Burn). 02526_ A-15 Conveyor calls for reinforcements. 02526_ ALERT: Hostile activity reported, dispatching reinforcements to area. 02526_ Slug penetrates Wall. 02529_ K-01 Serf destroyed. 02529_ Destroyed Targeting Computer. 02529_ K-01 Serf collects debris. 02530_ Slug penetrates Wall. 02531_ Penetrated by Slug. Map ----- +----------------------------------------------------+ | ?????????????????????????????????????????????????? | | ?????????????????????????????????????????????????? | | ?????????????????????????????????????????????????? | | ???????##############????????????????????????????? | | ???????# ! #????????????????????????????? | | ???????# #????????????????????????????? | | ???????# #????????????????????????????? | | ???????# #????????????????????????????? | | ???????# """"" #????????????????????????????? | | ???????# """ " #????????????????????????????? | | ???????# "" #????????????????????????????? | | ???????# #????????????????????????????? | | ???????# ! % #??##############????????????? | | ???????# #??# #????????????? | | ???????# [ #??# """ """ #????????????? | | ##?????# #??#! """ """ #????????????? | | "#############+######### """ """ #????????????? | | + #????????????# | | # #??#????????## | | + [!! ]#?????????#??# | | # [ ! ###########??# | | # !! ## ###? | | ################ # ## ! #?## | | # #???????? ??# # ## ##?# | | ###???????? ?# # ## ##?? | | ##????? ???? # ##@############ ###? | | ## ????????? #^ = ! #?####### #### | | "## "?????? + ###?#?### #### | | "#? ?"???"?????# ^ k% #?#???### ##?? | | "#? ??"?? ? ?# """ """ #??#??##? ???## | | "##? ? ???? # """ """ #############+####### | | ##??"??? ? # ^""" """ h | | ###?"T? ? ? # "" "" h | | #?# """ ???# ""R "" k | | ### ??? ? ??# A | | ####?####?#??### | | ##?#######?#?######+############/########### | | #####?####?#### """ ! ##? ? ? ?#?## | | #?############# "Y" #??? ?? ???#??# | | ####?#??####### " " ! #?# ????#??# | | ^ #####?#?##?#??# ### ? ###?# | | ############### """ """ ### """" ""???##### | | + """ """ #?# """" """"???### | | ################# """ """ #?# """" """??#### | | #?? ? ? # ### """" ""?"????#T | | ## ? ??? ############# ""?" ""?"??#?## | | """ #? "?" ? ?"???#?###?#??? ??"" "?"??#??## | | """ ##?""" ? ?"#?##??#?#???#? ???? "??????? ^ | | """ ## """? ?""??? ? ? ??##?? ??? ???## | | """ #? ? ? ??"???? #??#?#?????????????# | +----------------------------------------------------+ Best States ------------- Heat Dissipation 56 Energy Generation 50 Energy Capacity 500 Matter Stores 300 Matter Capacity 300 Sight Range 16 Terrain Scan Range 16 Terrain Scan Density 210 ECM Strength 2 Additional Mass Support 12 Resistance: KI 20 Resistance: TH 20 Resistance: EX 20 Resistance: EM 20 Resistance: I 20 Resistance: S 20 Resistance: P 20 Evasion (%) 55 Offensive Hacking 10 Item Schematics ----------------- Med. Matter Pod | -9/Materials | Scanalyzed Gravmag System | -6/Factory | Scanalyzed Aluminum Leg | -6/Factory | Scanalyzed Robot Schematics ------------------ None Fabricated ------------ Nothing Repaired ---------- Nothing Alien Tech Used ----------------- None Achievements -------------- None Challenges ------------ None Game ------ Seed SigixUtilityMace Manual? 0 Play Time 00:32:25 Cumulative 30.3 hours Start 2025.07.22 @ 19:06:27 End 2025.07.23 @ 20:47:02 Sessions 4 Manual Loads 0 Difficulty Adventurer Special Mode None Game No. 42 Rogue 23 Adventurer 19 Explorer 0 Win Type - Total 0 Types 0/0/0/0/0/0/0/0/0/0 Lore% 10 Gallery% 27 Achievement% 23 Wizard Run 0 Options --------- Layout 1 ASCII 0 Keyboard 0 Movement Mouse Keybinds 0 Fullscreen 1 Font 24/Smallcaps Map View 50x35 Zoom Use 0% Tactical HUD 1 Map Filters NONE Filters NONE Steam 1 RUN: 94f7a02f-9cee-4509-becb-ee1eaf3c880a